 Dungeon Crawl Stone Soup version 0.19.1-1-g22dce08 (webtiles) character file.

459 esteth the Sneak (level 6, -2/28 HPs)
             Began as a Spriggan Enchanter on Jan 2, 2017.
             Was an Initiate of Makhleb.
             Killed from afar by a white imp (6 damage)
             ... with a puff of frost
             ... summoned by Eustachio
             ... on level 4 of the Dungeon.
             The game lasted 00:16:05 (4680 turns).

esteth the Sneak (Spriggan Enchanter)               Turns: 4680, Time: 00:16:06

Health: -2/28      AC:  4    Str:  4    XL:     6   Next: 78%
Magic:  13/15      EV: 18    Int: 17    God:    Makhleb [......]
Gold:   247        SH:  0    Dex: 18    Spells: 3 memorised, 10 levels left

rFire  . . .     SeeInvis +     a - +3 dagger
rCold  . . .     Gourm    .     w - +2 robe {MR+}
rNeg   . . .     Faith    .     (shield restricted)
rPois  .         Spirit   .     (helmet restricted)
rElec  .         Reflect  .     (no cloak)
rCorr  .         Harm     .     (gloves unavailable)
MR     ++...                    (boots unavailable)
Stlth  +++.......               (no amulet)
                                (no ring)
                                (no ring)

@: very quick
A: unfitting armour, see invisible, herbivore 3, speed 3, slow metabolism 2
a: Renounce Religion


You were on level 4 of the Dungeon.
You worshipped Makhleb.
Makhleb was noncommittal.
You were not hungry.

You visited 2 branches of the dungeon, and saw 5 of its levels.

You collected 247 gold pieces.

Inventory:

Hand Weapons
 a - a +3 dagger (weapon)
Armour
 b - a +1 robe
 w - a +2 robe of magic resistance (worn)
Jewellery
 m - an uncursed ring of ice
Wands
 o - a wand of polymorph (13/24)
 t - a wand of slowing (24/48)
 y - a wand of digging (11/24)
Scrolls
 e - a scroll of magic mapping
 f - 3 scrolls of teleportation
 j - a scroll of amnesia
 n - a scroll of remove curse
 r - 4 scrolls of identify
Potions
 g - 2 potions of magic
 i - 3 potions of heal wounds {unknown}
 k - a potion of berserk rage {unknown}
 p - 2 potions of ambrosia {unknown}
 q - 3 potions of degeneration {unknown}
 u - a potion of might
 v - 2 potions of flight {unknown}
 x - 2 potions of mutation {unknown}
 z - a potion of lignification {unknown}
 B - a potion of resistance {unknown}
 E - a potion of haste {unknown}
Books
 c - a book of Maledictions

   Spells                             Type                      Level
   a - Corona                         Hexes                        1
   b - Ensorcelled Hibernation        Hexes/Ice                    2
   c - Confuse                        Hexes                        3
   d - Tukima's Dance                 Hexes                        3
   e - Dazzling Spray                 Conjuration/Hexes            3
 C - a book of Cantrips

   Spells                             Type                      Level
   a - Confusing Touch                Hexes                        1
   b - Animate Skeleton               Necromancy                   1
   c - Summon Small Mammal            Summoning                    1
   d - Apportation                    Translocation                1
Comestibles
 d - 3 bread rations
 l - 2 slices of pizza
 A - 5 fruits


   Skills:
 - Level 2.4 Short Blades
 - Level 3.0 Dodging
 - Level 6.2 Stealth
 - Level 5.9 Spellcasting
 - Level 5.2 Hexes
 + Level 2.0 Ice Magic


You had 10 spell levels left.
You knew the following spells:

 Your Spells              Type           Power        Failure   Level  Hunger
a - Corona                Hex            ###....      1%          1    None
b - Ensorcelled Hibernat  Hex/Ice        ###...       4%          2    None
c - Confuse               Hex            ###.....     6%          3    ##.....


Dungeon Overview and Level Annotations

Branches:
Dungeon (4/15)             Temple (1/1) D:4

Altars:
Ashenzari
Cheibriados
Elyvilon
Fedhas
Gozag
Makhleb
Nemelex Xobeh
Okawaru
Qazlal
Ru
Sif Muna
Trog
Uskayaw
Vehumet
Xom
Zin
The Shining One

Annotations:
D:4 Eustachio


Innate Abilities, Weirdness & Mutations

You are very small and have problems with some larger weapons.
You are too small for most types of armour.
You have supernaturally acute eyesight. (SInv)
You are a herbivore.
You cover ground extremely quickly.
You need consume almost no food.


Message History

Press: ? - help, Shift-Dir - straight line, f - Eustachio
Aim: Eustachio, wielding a vampiric falchion and wearing a runed leather armour (almost dead, not susceptible) Eustachio is unaffected.
The white imp closely misses you. The white imp gestures at you.
The puff of frost misses you.
Eustachio hits you with a vampiric falchion.
The quokka twitches its whiskers.
The rat completely misses you. The white imp gestures at you.
The puff of frost hits you!
* * * LOW HITPOINT WARNING * * *
There is an open door here.
Eustachio casts a spell.
The rat disappears in a puff of smoke!
Eustachio calls on the powers of shadow!
The rat twitches its whiskers.
You open the door. The white imp gestures at you. The puff of frost hits you!
You die...

...........##+##########.......#.
.................................
.........r.5######...............
###..........### #.............##
..#.........@'.# #.............##
......[......#r###...............
.............#.5.#...............
...#############.#............###
...####...##....@#...########## #
...#....#..#.##..'...'.# #######
...#.##.#.....#.##...#.# #......
####.##.#..#..#'#.#..#.# #.#...#
.....##.#...#........#+####.'....
#######.....#..............##...#
####..#<...#.........##...#
####..#..............##...#
#######.....###............##...#


You could see 2 white imps and a quokka.

Vanquished Creatures
  Sigmund (D:3)
  A hound (D:3)
  Terence (D:3)
  An iguana (D:4)
  2 worker ants (D:4)
  A hound skeleton (D:4)
  5 adders
  3 worms
  2 dart slugs
  2 leopard geckos
  13 orcs (D:3)
  4 giant cockroaches
  12 goblins
  9 hobgoblins
  3 jackals (D:2)
  6 kobolds
  3 quokkas
  A ball python (D:1)
  13 bats
  7 frilled lizards
  6 rats
96 creatures vanquished.

Notes
Turn   | Place    | Note
-------+----------+-------------------------------------------
     0 | D:1      | esteth the Spriggan Enchanter began the quest for the Orb.
     0 | D:1      | Reached XP level 1. HP: 9/9 MP: 5/5
   192 | D:1      | Reached XP level 2. HP: 10/13 MP: 6/6
   377 | D:1      | Reached skill level 5 in Stealth
  1250 | D:2      | Reached XP level 3. HP: 16/16 MP: 8/8
  1359 | D:2      | Reached skill level 6 in Stealth
  1682 | D:2      | Learned a level 2 spell: Ensorcelled Hibernation
  1686 | D:2      | Learned a level 3 spell: Confuse
  2178 | D:2      | Reached XP level 4. HP: 20/21 MP: 6/9
  2584 | D:3      | Noticed Terence
  2597 | D:3      | Killed Terence
  2597 | D:3      | Reached skill level 5 in Hexes
  2846 | D:3      | Reached XP level 5. HP: 24/24 MP: 10/10
  2855 | D:3      | Found a faded altar of an unknown god.
  2861 | D:3      | Noticed Sigmund
  2867 | D:3      | Killed Sigmund
  2867 | D:3      | Reached skill level 5 in Spellcasting
  2867 | D:3      | Reached XP level 6. HP: 28/28 MP: 11/15
  3257 | D:3      | Found an opulent altar of Gozag.
  3920 | D:4      | Found a staircase to the Ecumenical Temple.
  3924 | Temple   | Entered the Ecumenical Temple
  4059 | Temple   | Became a worshipper of Makhleb the Destroyer
  4117 | D:4      | Reached skill level 1 in Ice Magic
  4662 | D:4      | Noticed Eustachio
  4680 | D:4      | Killed from afar by a white imp

Skill      XL: |  1  2  3  4  5  6 |
---------------+-------------------+-----
Short Blades   | 2 |  2.4
Stealth        | 5 6 |  6.2
Hexes          | 4 5 |  5.2
Spellcasting   | 5 |  5.9
Ice Magic      | 2 |  2.0
Dodging        | |  3.0

Action                   |  1- 3 |  4- 6 || total
-------------------------+-------+-------++-------
Melee: Dagger            |   170 |   193 ||   363
 Cast: Ensorcelled Hiber |     1 |    37 ||    38
       Confuse           |     1 |       ||     1
  Use: Scroll            |     5 |     6 ||    11
 Stab: Sleeping          |    12 |    26 ||    38
  Eat: Bread ration      |       |     1 ||     1
Armor: Robe              |    18 |    19 ||    37
Dodge: Dodged            |   121 |   150 ||   271
